 Dungeon Crawl Stone Soup version 0.16.1-51-g6203257 (webtiles) character file.

10726 Iskender the Covert (level 11, -1/75 HPs)
             Began as a Formicid Wanderer on July 10, 2015.
             Was a High Priest of Cheibriados.
             Slain by a catoblepas (25 damage)
             ... on level 2 of the Lair of Beasts on July 13, 2015.
             The game lasted 02:47:12 (15186 turns).

Iskender the Covert (Formicid Wanderer)            Turns: 15186, Time: 02:47:12

Health: -1/75      AC: 10    Str: 31    XL:     11   Next: 98%
Magic:  17/25      EV: 14    Int: 25    God:    Cheibriados [*****.]
Gold:   451        SH:  0    Dex: 25    Spells: 0 memorised, 14 levels left

rFire  . . .     SeeInvis +     a - +0 trident
rCold  . . .     Clarity  .     q - +3 ring mail
rNeg   . . .     SustAb   .     (no shield)
rPois  .         Gourm    .     (helmet unavailable)
rElec  .         Spirit   .     (no cloak)
rCorr  .         Warding  .     V - +1 pair of gloves
rMut   .         Stasis   +     (no boots)
MR     +....                    (no amulet)
Stlth  +++++.....               z - ring of wizardry
                                u - +1 ring of evasion

@: very slow, somewhat resistant to hostile enchantments, quite stealthy
A: permanent stasis, dig shafts and tunnels, four strong arms, antennae 3
a: Dig, Shaft Self, Bend Time, Temporal Distortion, Slouch, Step From Time,
Renounce Religion


You were on level 2 of the Lair of Beasts.
You worshipped Cheibriados.
Cheibriados was extremely pleased with you.
You were hungry.

You visited 2 branches of the dungeon, and saw 13 of its levels.

You collected 503 gold pieces.
You spent 52 gold pieces at shops.

Inventory:

Hand weapons
 a - a +0 trident (weapon)
 b - a +0 hunting sling
 p - a +1 short sword of protection
 v - a +0 blowgun
 B - a +0 hand crossbow
 I - a +0 shortbow
Missiles
 h - 53 sling bullets
 m - 279 stones
 x - 3 javelins (quivered)
 K - 13 sling bullets of frost
 L - 2 curare-tipped needles
 P - 36 bolts
 S - 24 poisoned needles
 T - 10 arrows of dispersal
 Y - 15 silver bolts
 Z - 9 poisoned arrows
Armour
 q - a +3 ring mail (worn)
 V - a +1 pair of gloves (worn)
Magical staves
 g - an uncursed staff of cold
Jewellery
 k - a +4 ring of intelligence
 u - a +1 ring of evasion (left hand)
 z - a ring of wizardry (right hand)
 G - an uncursed ring of magical power
Magical devices
 y - a wand of slowing (11)
 E - a wand of flame (21)
 F - a wand of flame (10)
 U - a wand of fireball (3)
 X - a wand of slowing (32)
Scrolls
 e - 4 scrolls of recharging
 i - a scroll of magic mapping
 n - 3 scrolls of amnesia
 w - 5 scrolls of enchant armour
 D - a scroll of identify
 H - 2 scrolls of fear
 M - a scroll of remove curse
 Q - a scroll of fog
 W - a scroll of summoning {unknown}
Potions
 c - 2 potions of curing
 l - 3 potions of ambrosia {unknown}
 o - 2 potions of cancellation
 r - a potion of magic
 t - 3 potions of agility
 A - 3 potions of flight {unknown}
 C - 3 potions of might
 R - a potion of restore abilities
Books
 j - a book of Annihilations {highlevel, unknown}

   This book is beyond your current level of understanding.

   Spells                             Type                      Level
   a - Poison Arrow                   Conjuration/Poison           6
   b - Chain Lightning                Conjuration/Air              8
   c - Lehudib's Crystal Spear        Conjuration/Earth            8
   d - Glaciate                       Conjuration/Ice              9
   e - Fire Storm                     Conjuration/Fire             9
Miscellaneous
 d - an ornate deck of changes {the Alchemist}
Comestibles
 f - 11 bread rations
 s - 4 chunks of flesh
 N - 3 beef jerkies
 O - 3 meat rations


   Skills:
 - Level 3.2 Fighting
 - Level 10.0(10.1) Polearms
 - Level 2.1(6.6) Staves
 - Level 7.6 Slings
 + Level 7.6 Crossbows
 - Level 2.6 Dodging
 - Level 10.2 Stealth
 - Level 2.1 Spellcasting
   Level 1.0 Necromancy
 - Level 8.2 Invocations
 - Level 1.1 Evocations


You had 14 spell levels left.
You didn't know any spells.

Dungeon Overview and Level Annotations

Branches:
Dungeon (11/15)            Temple (0/1) D:7            Lair (2/8) D:11
    Orc: D:9-12

Altars:
Ashenzari
Cheibriados
Elyvilon
Fedhas
Gozag
Kikubaaqudgha
Makhleb
Qazlal
Zin

Shops:
D:6 ?=(

Annotations:
D:11 exclusion: ugly thing
Lair:1 aliceinspace's ghost, powerful DrFi


Innate Abilities, Weirdness & Mutations

You are under a permanent stasis effect.
You can dig through walls and to a lower floor.
Your four strong arms can wield two-handed weapons with a shield.
You have a pair of large antennae on your head (SInv).


Message History

You are engulfed in calcifying dust. x2
The catoblepas gores you but does no damage.
You are engulfed in calcifying dust.
The catoblepas gores you!
You are engulfed in calcifying dust.
The catoblepas breathes a plume of calcifying dust at you.
The blast of calcifying dust hits you!
You are engulfed in calcifying dust.
The catoblepas gores you but does no damage.
You turn to flesh and can move again.
There is a stone staircase leading up, spattered with blood here.
You see here a poisoned needle.
Read which item? (? for menu, Esc to quit)
As you read the scroll of fear, it crumbles to dust.
You assume a fearsome visage.
The catoblepas resists with almost no effort.
You are engulfed in calcifying dust.
The catoblepas breathes a plume of calcifying dust at you.
The blast of calcifying dust hits you! The catoblepas gores you!!
You die...

#.P.....).......#..........
##.............#####..###..
###.#..##...### ######..#
##.....#### #.##.#+..
###...#### ##.......
#......§.# #......<
#......§.# ##.......
#P.....§.# ##........
##....@§.#####.#.......
#....Y<.P#..#.+.......
..###...(.................
............#####.#.......
####..(.(...# ##........
#P..###.#### #####....
##..P.#.###.### ##..#
#.............## #..##
..(.............#####...#


You could see a catoblepas.

Vanquished Creatures
  Erolcha (D:8)
  A centaur zombie (D:7)
  Joseph (D:8)
  A spiny frog (Lair:2)
  A komodo dragon (D:11)
  2 trolls
  4 blink frogs (Lair:2)
  A wyvern (D:9)
  A wraith (D:11)
  A steam dragon (D:10)
  3 yaks (Lair:2)
  3 hippogriffs
  8 orc warriors
  A water moccasin (Lair:2)
  4 porcupines
  A black bear (D:8)
  11 ice beasts
  A phantom (D:8)
  3 ogres
  Duvessa (D:6)
  3 centaurs
  2 big kobolds
  8 giant frogs
  A wyvern skeleton (D:8)
  3 killer bees (D:8)
  2 scorpions
  Dowan (D:6)
  2 gnoll shamans
  A giant frog skeleton (D:10)
  3 goliath beetles
  4 crimson imps
  2 jellies
  A giant frog zombie (D:7)
  14 orc priests
  9 hounds
  3 centaur skeletons
  16 orc wizards
  3 iguanas
  A hell rat (D:11)
  5 sheep (Lair:2)
  8 worker ants
  A worker ant zombie (D:9)
  A hound skeleton (D:4)
  14 adders
  11 gnolls
  10 river rats (Lair:2)
  4 shadow imps
  2 orc zombies (D:10)
  4 worms
  3 oozes
  48 orcs
  A bat skeleton (D:4)
  2 bat zombies
  8 giant cockroaches
  18 hobgoblins
  11 jackals
  7 quokkas
  6 ball pythons
  19 bats
  8 giant geckos
  11 giant newts
  2 giant spores
  14 goblins
  29 kobolds
  2 quokka zombies
  16 rats
  13 ballistomycetes
  2 fungi (Lair:2)
409 creatures vanquished.

Vanquished Creatures (others)
  5 orcs (D:11)
  3 giant spores
  A ballistomycete (D:8)
  2 fungi (Lair:2)
  A plant (Lair:2)
12 creatures vanquished.

Grand Total: 421 creatures vanquished

Notes
Turn   | Place    | Note
--------------------------------------------------------------
     0 | D:1      | Iskender, the Formicid Wanderer, began the quest for the Orb.
     0 | D:1      | Iskender set off with: a +2 quarterstaff, a potion of lignification, a potion of curing, a +0 robe, a +0 dagger, a bread ration
     0 | D:1      | Reached XP level 1. HP: 18/18 MP: 3/3
   275 | D:1      | Reached XP level 2. HP: 20/24 MP: 5/5
   473 | D:1      | Found a snail-covered altar of Cheibriados.
   486 | D:1      | Became a worshipper of Cheibriados the Contemplative
   759 | D:2      | Reached XP level 3. HP: 24/29 MP: 7/7
   778 | D:2      | Reached skill level 1 in Polearms
   820 | D:2      | Found a white marble altar of Elyvilon.
   940 | D:2      | Acquired Cheibriados' first power
  1176 | D:2      | Reached XP level 4. HP: 35/35 MP: 8/8
  1241 | D:2      | Reached skill level 1 in Invocations
  1373 | D:2      | Reached skill level 1 in Slings
  1853 | D:2      | Reached XP level 5. HP: 36/41 MP: 11/11
  2142 | D:3      | Found an opulent altar of Gozag.
  2526 | D:2      | Reached skill level 4 in Stealth
  2717 | D:3      | Reached XP level 6. HP: 47/47 MP: 12/12
  2822 | D:3      | Acquired Cheibriados' second power
  3497 | D:4      | Reached XP level 7. HP: 46/52 MP: 14/14
  3710 | D:4      | Acquired Cheibriados' third power
  4198 | D:4      | Found a burning altar of Makhleb.
  4475 | D:4      | Reached skill level 5 in Slings
  4546 | D:4      | Reached XP level 8. HP: 55/58 MP: 17/17
  4636 | D:5      | Entered Level 5 of the Dungeon
  5179 | D:5      | Acquired Cheibriados' fourth power
  5422 | D:6      | Reached skill level 5 in Polearms
  5632 | D:6      | Found Demoaxu's Jewellery Boutique.
  5707 | D:6      | Found Doeco's Magic Scroll Boutique.
  5722 | D:6      | Bought a scroll of identify for 26 gold pieces
  5722 | D:6      | Bought a scroll of identify for 26 gold pieces
  5822 | D:6      | Found Kes Nicoac's Weapon Shop.
  5855 | D:6      | Reached skill level 5 in Invocations
  5995 | D:6      | Found a shattered altar of Ashenzari.
  6080 | D:6      | Reached skill level 6 in Invocations
  6165 | D:6      | Reached XP level 9. HP: 30/64 MP: 20/20
  6452 | D:6      | Noticed Duvessa
  6452 | D:6      | Noticed Dowan
  6462 | D:6      | Killed Duvessa
  6462 | D:6      | Reached skill level 5 in Stealth
  6464 | D:6      | Killed Dowan
  6615 | D:7      | Found a snail-covered altar of Cheibriados.
  6691 | D:7      | Found a staircase to the Ecumenical Temple.
  6692 | D:7      | Noticed a centaur zombie
  6715 | D:7      | Killed a centaur zombie
  6715 | D:7      | Reached skill level 8 in Stealth
  6869 | D:7      | Found a blossoming altar of Fedhas.
  7799 | D:8      | Noticed Joseph
  7822 | D:8      | Noticed Erolcha
  8005 | D:8      | Killed Joseph
  8005 | D:8      | Reached skill level 9 in Stealth
  8005 | D:8      | Reached XP level 10. HP: 7/70 MP: 16/21
  8360 | D:8      | Killed Erolcha
  9106 | D:8      | Found a glowing silver altar of Zin.
  9522 | D:8      | Noticed a troll
  9527 | D:8      | You fall through a shaft for 2 floors!
  9527 | D:10     | Entered Level 10 of the Dungeon
 10438 | D:8      | Found an ancient bone altar of Kikubaaqudgha.
 10461 | D:8      | Killed a troll
 10629 | D:9      | Reached skill level 10 in Stealth
 11061 | D:9      | Found a stormy altar of Qazlal.
 11871 | D:9      | Reached skill level 10 in Polearms
 11936 | D:9      | Reached XP level 11. HP: 75/75 MP: 19/23
 12742 | D:10     | Reached skill level 1 in Dodging
 13336 | D:11     | Reached skill level 1 in Crossbows
 13396 | D:11     | Noticed a hill giant
 13604 | D:11     | Noticed a brown ugly thing
 13680 | D:11     | Found a staircase to the Lair.
 13717 | Lair:1   | Entered Level 1 of the Lair of Beasts
 13736 | Lair:1   | Noticed aliceinspace's ghost (powerful DrFi)
 13739 | Lair:1   | You fall through a shaft!
 14119 | Lair:2   | Reached skill level 5 in Crossbows
 14139 | Lair:2   | Found a frozen archway.
 15159 | Lair:2   | Noticed a catoblepas
 15186 | Lair:2   | Slain by a catoblepas

Action                   |  1- 3 |  4- 6 |  7- 9 | 10-12 || total
-------------------------+-------+-------+-------+-------++-------
Melee: Quarterstaff      |    32 |    69 |    12 |       ||   113
       Spear             |    72 |    54 |       |       ||   126
       Trident           |       |    19 |   346 |   728 ||  1093
       Short sword       |       |     4 |     4 |       ||     8
 Fire: Hunting sling     |    12 |   102 |   149 |   100 ||   363
       Blowgun           |       |       |    45 |    77 ||   122
       Shortbow          |       |       |       |     2 ||     2
Throw: Stone             |    27 |       |     1 |     7 ||    35
       Tomahawk          |       |     1 |    10 |    11 ||    22
       Throwing net      |       |       |     2 |     3 ||     5
       Javelin           |       |       |       |    17 ||    17
Invok: Slouch            |       |       |     6 |     5 ||    11
       Bend Time         |       |       |       |     7 ||     7
       Step From Time    |       |       |       |     1 ||     1
 Abil: Dig               |     6 |    17 |    29 |    31 ||    83
       Shaft Self        |       |       |       |     2 ||     2
Evoke: Wand              |       |     3 |     4 |    10 ||    17
  Use: Scroll            |     5 |     8 |     7 |     6 ||    26
       Potion            |       |     1 |     4 |     4 ||     9
 Stab: Sleeping          |       |     2 |     7 |    15 ||    24
       Distracted        |       |       |     2 |     6 ||     8
  Eat: Chunk             |     1 |     7 |    12 |    15 ||    35
       Fruit             |       |       |     3 |       ||     3
       Royal jelly       |       |       |     2 |       ||     2
       Pizza             |       |       |       |     1 ||     1
